Map: Dusk Towers

Players

capac - Winner!

  • Race: Terran Terran
  • League: Gold

Buzyuka

  • Race: Protoss Protoss
  • League: Gold

VOD

Have the link to the VOD?

Description

Time

  • Played on: May 5, 2016, 3:04 p.m.
  • Length: 1:37
Show
View Real Time Build Order
Export as new Build Order

capac Terran - Winner!

Build Orders:  

Get SALT Encoding   

  12  0:01  SCV  
  13  0:13  SCV  
  14  0:18  Supply Depot  
  14  0:26  SCV  
  15  0:39  SCV  
  15  0:40  Barracks  
  16  0:44  Refinery  
  16  0:51  SCV  
  17  1:03  SCV  
  18  1:15  SCV  
Show
View Real Time Build Order
Export as new Build Order

Buzyuka Protoss 

Build Orders:  

Get SALT Encoding   

  12  0:20  Pylon  
  13  0:21  Probe (Chrono Boost)  
  13  0:32  Probe (Chrono Boost)  
  14  0:39  Forge  
  14  1:05  Pylon  
  14  1:06  Pylon  
  14  1:09  Pylon  
  14  1:11  Pylon  
Tags
 
Add a new tag
Caveats
  • Supply blocks, unpowered buildings, or Contaminate may cause inaccurate times.
  • Supply counts are checked every 10 seconds.